 Dungeon Crawl Stone Soup version 0.19-a0-1886-gd64a0f0 (webtiles) character file.

336 Minion the Sneak (level 6, -3/47 HPs)
             Began as a Formicid Assassin on Oct 15, 2016.
             Succumbed to barbed spike wounds
             ... on level 15 of the Dungeon.
             The game lasted 00:08:11 (1111 turns).

Minion the Sneak (Formicid Assassin)                Turns: 1111, Time: 00:08:11

Health: -3/47      AC:  3    Str: 15    XL:     6   Next: 84%
Magic:  6/6        EV: 13    Int: 11    God:
Gold:   66         SH:  0    Dex: 14    Spells: 0 memorised, 5 levels left

rFire  . . .     SeeInvis +     a - +2 dagger
rCold  . . .     Gourm    .     c - +0 robe
rNeg   . . .     Faith    .     (no shield)
rPois  .         Spirit   .     (helmet unavailable)
rElec  .         Dismiss  .     d - +0 cloak
rCorr  .         Reflect  .     (no gloves)
MR     .....     Harm     .     (no boots)
Stlth  ++++......               (no amulet)
                                m - ring of see invisible
                                l - +1 ring of slaying

@: barbed spikes
A: permanent stasis, dig shafts and tunnels, four strong arms, antennae 3
a: Dig, Shaft Self


You were on level 15 of the Dungeon.
You were not hungry.

You visited 1 branch of the dungeon, and saw 10 of its levels.

You collected 66 gold pieces.

Inventory:

Hand Weapons
 a - a +2 dagger (weapon)
 b - a +0 blowgun
 g - a +0 demon blade of draining
Missiles
 e - 8 poisoned needles
 f - 2 curare-tipped needles
Armour
 c - a +0 robe (worn)
 d - a +0 cloak (worn)
Jewellery
 l - a +1 ring of slaying (left hand)
 m - a ring of see invisible (right hand)
Scrolls
 i - a scroll of remove curse {unknown}
 j - a scroll of noise {unknown}
 k - a scroll of enchant weapon {unknown}
Potions
 o - a potion of curing {unknown}
Comestibles
 h - a royal jelly
 n - a beef jerky


   Skills:
 - Level 3.5 Fighting
 + Level 3.5 Short Blades
 - Level 2.2 Throwing
 - Level 2.4 Dodging
 + Level 7.2 Stealth


You had 5 spell levels left.
You didn't know any spells.

Dungeon Overview and Level Annotations

Branches:
Dungeon (15/15)
 Temple: D:4-7         Lair: D:8-11         Orc: D:9-12      Vaults: D:13-14
 Depths: D:15

Altars:

Annotations:
D:15 Tekks's ghost, journeyman HOFi


Innate Abilities, Weirdness & Mutations

You are under a permanent stasis effect.
You can dig through walls and to a lower floor.
Your four strong arms can wield two-handed weapons with a shield.
You have a pair of large antennae on your head. (SInv)


Message History

You fall through a shaft!
The shaft crumbles and collapses.
Beware, you cannot shaft yourself on this level.
Level annotation: Tekks's ghost, journeyman HOFi 4 slime creatures, 3 kobolds, a big kobold and a kobold demonologist come into view.
A kobold is wielding a dagger of venom.
The slime creature quivers.
The slime creature hits you!
The slime creature quivers. x3
The kobold shouts!
The barbs in your skin will harm you if you move.
Continue?
The barbed spikes dig painfully into your body as you move.
The slime creature hits you!
* * * LOW HITPOINT WARNING * * *
The barbed spikes dig painfully into your body as you move.
* * * LOW HITPOINT WARNING * * *
The barbed spikes dig painfully into your body as you move.
* * * LOW HITPOINT WARNING * * *
The barbed spikes dig painfully into your body as you move.
You die...

## .. # .#
#.#####.#
..{...##.##
#.######JJK.KK...
#....@.J.K...K...
##############.##


You could see 3 slime creatures, a big kobold (wandering) and 2 kobolds.

Vanquished Creatures
  A necrophage (D:13)
  A crocodile (D:13)
  A bullfrog (D:14)
  A hound (D:5)
  2 jellies
  A worker ant (D:13)
7 creatures vanquished.

Notes
Turn   | Place    | Note
-------+----------+-------------------------------------------
     0 | D:1      | Minion the Formicid Assassin began the quest for the Orb.
     0 | D:1      | Reached XP level 1. HP: 16/16 MP: 1/1
     3 | D:1      | You fall through a shaft!
     6 | D:2      | You fall through a shaft for 2 floors!
     9 | D:4      | You fall through a shaft!
     9 | D:5      | Entered Level 5 of the Dungeon
    36 | D:5      | Noticed a hound
    39 | D:5      | Killed a hound
    39 | D:5      | Reached skill level 1 in Dodging
    39 | D:5      | Reached skill level 5 in Stealth
    39 | D:5      | Reached XP level 2. HP: 22/22 MP: 2/2
    39 | D:5      | Reached XP level 3. HP: 27/27 MP: 3/3
    45 | D:5      | You fall through a shaft for 2 floors!
    48 | D:7      | You fall through a shaft for 2 floors!
   151 | D:9      | Noticed a centaur
   154 | D:9      | You fall through a shaft!
   154 | D:10     | Entered Level 10 of the Dungeon
   281 | D:10     | Noticed an ogre
   314 | D:10     | Noticed a killer bee
   314 | D:10     | Noticed a killer bee
   315 | D:10     | Noticed a killer bee
   315 | D:10     | Noticed a killer bee
   315 | D:10     | Noticed a killer bee
   318 | D:10     | You fall through a shaft for 3 floors!
   318 | D:13     | Noticed a crocodile
   319 | D:13     | Reached skill level 6 in Stealth
   319 | D:13     | Reached XP level 4. HP: 34/34 MP: 4/4
   322 | D:13     | Killed a crocodile
   322 | D:13     | Reached XP level 5. HP: 41/41 MP: 5/5
   521 | D:13     | Noticed a necrophage
   524 | D:13     | Killed a necrophage
   524 | D:13     | Reached XP level 6. HP: 47/47 MP: 6/6
   534 | D:13     | You fall through a shaft for 2 floors!
   534 | D:15     | Entered Level 15 of the Dungeon
   534 | D:15     | Noticed a two-headed ogre
   549 | D:15     | Noticed a freezing wraith
   654 | D:15     | Noticed Tekks's ghost (journeyman HOFi)
   658 | D:15     | Noticed a tengu warrior
   669 | D:15     | Noticed a wolf spider zombie
   826 | D:14     | Reached skill level 7 in Stealth
   850 | D:14     | Noticed a centaur warrior
   864 | D:14     | You fall through a shaft!
  1101 | D:14     | Noticed a manticore
  1107 | D:14     | You fall through a shaft!
  1107 | D:15     | Noticed a slime creature
  1107 | D:15     | Noticed a slime creature
  1107 | D:15     | Noticed a slime creature
  1107 | D:15     | Noticed a slime creature
  1107 | D:15     | Noticed a kobold demonologist
  1110 | D:15     | HP: 2/47 [barbs]
  1111 | D:15     | Succumbed to barbed spike wounds

Vault maps used:
D:1:      minmay_arrival_three_doors, nrook_uturn
D:2:      zin_statuary, first_bread, uniq_iyjb, uniq_jessica
D:4:      serial_shops, shop, doesnt_xom_only_xom, uniq_natasha
D:5:      lemuel_zombie_altar_yredelemnul, basic_altar,
          kennysheep_generic_room_7
D:9:      nicolae_overflow_hidden_temple, hangedman_ranch
D:10:     serial_shops, shop_fountains, solitary_fountain
D:13:     david_vaults_4, uniq_urug
D:14:     minmay_statues_item
D:15:     hangedman_depths_entry_try_elsewhere_first, minmay_hedge_maze

Skill      XL: |  1  2  3  4  5  6 |
---------------+-------------------+-----
Dodging        | 1 2 |  2.4
Stealth        | 5 6 7 |  7.2
Fighting       | 3 |  3.5
Short Blades   | 3 |  3.5
Throwing       | |  2.2

Action                   |  1- 3 |  4- 6 || total
-------------------------+-------+-------++-------
Melee: Dagger            |     2 |    21 ||    23
 Abil: Shaft Self        |     7 |     3 ||    10
 Stab: Sleeping          |     2 |     4 ||     6
  Eat: Bread ration      |       |     1 ||     1
Armor: Robe              |       |     2 ||     2
Dodge: Dodged            |       |    12 ||    12
